 Dungeon Crawl Stone Soup version 0.27.0-1-g7a089689b8 (webtiles) character file.

Game seed: 4146448891255177031

245 Conn the Sneak (level 6, 0/55 HPs)
             Began as an Octopode Fire Elementalist on Aug 3, 2021.
             Succumbed to a scorpion's poison
             ... on level 4 of the Dungeon.
             The game lasted 00:08:05 (3563 turns).

Conn the Sneak (Octopode Fire Elementalist)         Turns: 3563, Time: 00:08:05

Health: 0/55       AC:  1    Str:  8    XL:     6   Next: 10%
Magic:  8/11       EV: 13    Int: 19    God:
Gold:   158        SH:  0    Dex: 12    Spells: 4/11 levels left

rFire    . . .     SeeInvis .   n - +0 dagger (protect)
rCold    . . .     Faith    .   (no shield)
rNeg     . . .     Spirit   .   (helmet restricted)
rPois    .         Reflect  .   (no amulet)
rElec    .         Harm     .   (no ring)
rCorr    .         Rampage  .   (no ring)
Will     .....                  (no ring)
Stlth    ..........             (no ring)
HPRegen  0.18/turn              (no ring)
MPRegen  0.12/turn              (no ring)
                                (no ring)
                                (no ring)

@: berserking, lethally poisoned (0 -> -16), very quick
A: almost no armour, amphibious, 8 rings, camouflage 1, gelatinous body 1,
(nimble swimmer 1), tentacles, tentacle spike 1, passive freeze
a: no special abilities


You were on level 4 of the Dungeon.
You visited 1 branch of the dungeon, and saw 4 of its levels.

You collected 158 gold pieces.

Inventory:

Hand Weapons
 a - a +0 short sword
 k - a +3 quarterstaff of chaos
 n - a +0 dagger of protection (weapon)
Missiles
 b - a throwing net
 e - 7 boomerangs of dispersal (quivered)
Wands
 s - a wand of digging (6)
Scrolls
 c - a scroll of acquirement {unknown}
 d - a scroll of noise {unknown}
 f - 3 scrolls of identify {unknown}
 h - a scroll of enchant weapon {unknown}
 l - a scroll of enchant armour {unknown}
 o - a scroll of blinking {unknown}
 r - 2 scrolls of teleportation {unknown}
 t - a scroll of fog {unknown}
Potions
 i - a potion of magic {unknown}
 j - a potion of heal wounds {unknown}
 m - a potion of attraction {unknown}
 p - a potion of degeneration {unknown}


   Skills:
 + Level 0.3 Fighting
 + Level 1.4 Short Blades
 + Level 0.5 Staves
 + Level 2.2 Dodging
 + Level 4.2 Stealth
 + Level 3.3 Spellcasting
 + Level 2.5 Conjurations
 + Level 4.0 Fire Magic


You had 4 spell levels left.
You knew the following spells:

 Your Spells              Type           Power      Damage    Failure   Level
a - Foxfire               Conj/Fire      60%        2x1d7     3%          1
b - Conjure Flame         Conj/Fire      15%        6-21      12%         3
c - Inner Flame           Hex/Fire       10%        N/A       19%         3

Your spell library contained the following spells:

 Spells                   Type           Power      Damage    Failure   Level
 Corona                   Hex            3%         N/A       14%         1
 Ensorcelled Hibernation  Hex/Ice        6%         N/A       22%         2
 Sticky Flame             Conj/Fire      15%        2d4       36%         4
 Tukima's Dance           Hex            3%         N/A       41%         3
 Fireball                 Conj/Fire      7%         3d5       71%         5


Dungeon Overview and Level Annotations

Branches:
Dungeon (4/15)
 Temple: D:4-7

Altars:
Qazlal
Vehumet
The Shining One

Shops:
D:3 [


Innate Abilities, Weirdness & Mutations

You cannot wear most types of armour.
You are amphibious.
You can wear up to eight rings at the same time.
Your skin changes colour to match your surroundings (Stealth+).
Your rubbery body absorbs attacks. (AC +1, EV +1)
((You are camouflaged near water. (Stealth+)))
You have tentacles for arms and can constrict up to eight enemies at once.
One of your tentacles bears a spike.
A frigid envelope surrounds you and freezes all who hurt you.


Message History

The foxfire hits the scorpion but does no damage.
The scorpion is lightly wounded.
The scorpion misses you.
You barely miss the scorpion.
The scorpion is lightly wounded.
You constrict the scorpion, but do no damage.
The scorpion stings you!
You are poisoned.
The scorpion poisons you! The scorpion stings you!
You are lethally poisoned!
The scorpion poisons you!
You hit the scorpion but do no damage.
Your weapon exudes an aura of protection.
You squeeze the scorpion!
The scorpion is heavily wounded.
You constrict the scorpion, but do no damage.
You feel very sick. The scorpion stings you.
Okay, then.
Okay, then.
Unknown command.
It was a potion of mutation.
You feel extremely strange.
One of your lower tentacles grows a sharp spike.
Your skin feels very cold.
You constrict the scorpion.
* * * LOW HITPOINT WARNING * * *
You feel very sick. The scorpion stings you.
* * * LOW HITPOINT WARNING * * *
The scorpion is very cold.
You kill the scorpion!
Your Fire Magic skill increases to level 4!
You have reached level 6!
Your experience leads to an increase in your attributes!
Increase (S)trength, (I)ntelligence, or (D)exterity?
You feel clever.
It was a potion of berserk rage.
A red film seems to cover your vision as you go berserk!
You feel yourself moving faster!
You feel mighty!
You die...

#######.####.#.
..(..............>
...K.....
#######..###.#.#.#
#........ #...##.# #.#
#........
#######†#.##.# #.#
#..Z..... ........#..#
# #.# #........
######.....#.#.#.#
#........
#.......#.#.###.......#
#....#..#..@...........
#....#..###.##......###
#...........#......##
#.......###.#.....##
#.......# #.#..##.#
#.......# #.#... ..#
#....##.# #.#..# ..#
#....# .###.#..# .##
##.### #.##.#


There were no monsters in sight!

Vanquished Creatures
  A scorpion (D:4)
  A water moccasin skeleton (D:4)
  Crazy Yiuf (D:2)
  Terence (D:2)
  3 adders
  2 worms
  An orc (D:3)
  5 ball pythons
  2 bats
  10 endoplasms
  A giant cockroach (D:1)
  2 goblins
  5 hobgoblins
  4 jackals (D:4)
  2 quokkas
  5 frilled lizards
  6 kobolds
  4 rats
56 creatures vanquished.

Vanquished Creatures (others)
  184 foxfires
  2 fungi (D:2)
186 creatures vanquished.

Grand Total: 242 creatures vanquished

Notes
Turn   | Place    | Note
-------+----------+-------------------------------------------
     0 | D:1      | Conn the Octopode Fire Elementalist began the quest for the
                  | Orb.
     0 | D:1      | Reached XP level 1. HP: 11/11 MP: 3/3
   228 | D:1      | Reached XP level 2. HP: 17/17 MP: 0/5
   432 | D:1      | Found a faded altar of an unknown god.
  1151 | D:2      | Noticed Terence
  1202 | D:2      | Reached XP level 3. HP: 18/21 MP: 6/6
  1206 | D:2      | Learned a level 3 spell: Conjure Flame
  1294 | D:2      | Killed Terence
  2101 | D:2      | Found a runed translucent door.
  2102 | D:2      | Noticed Crazy Yiuf
  2155 | D:2      | Killed Crazy Yiuf
  2156 | D:2      | Reached XP level 4. HP: 27/27 MP: 1/8
  2323 | D:3      | Learned a level 3 spell: Inner Flame
  2505 | D:3      | Found a stormy altar of Qazlal.
  2825 | D:3      | Found Atwepn's Armour Boutique.
  3276 | D:4      | Reached XP level 5. HP: 31/31 MP: 9/9
  3301 | D:4      | Reached skill level 1 in Short Blades
  3393 | D:4      | Found a glowing golden altar of the Shining One.
  3418 | D:4      | Found a radiant altar of Vehumet.
  3562 | D:4      | Gained mutation: One of your tentacles bears a spike.
                  | [potion of mutation]
  3562 | D:4      | Gained mutation: A frigid envelope surrounds you and
                  | freezes all who hurt you. [potion of mutation]
  3562 | D:4      | HP: 1/31 [scorpion (4)]
  3563 | D:4      | Reached XP level 6. HP: 2/37 MP: 8/11
  3563 | D:4      | Succumbed to a scorpion's poison

Illustrated notes

Levels and vault maps discovered:
D:1:      denvon_arrival_planthouse, layout_basic,
          ebering_ecumenical_altar_abandoned
D:2:      layout_basic, kennysheep_generic_room_8, uniq_crazy_yiuf_cottage,
          uniq_terence
D:3:      layout_basic, nicolae_qazlal_scattered_showers, serial_shops,
          nicolae_lakefront_shop
D:4:      layout_basic, vehumet_crystals, nicolae_overflow_crystal_walls,
          temple_green, minmay_ruined_shrine

Skill      XL: |  1  2  3  4  5 |
---------------+----------------+-----
Stealth        | 3 4 |  4.2
Conjurations   | 2 |  2.5
Spellcasting   | 3 |  3.3
Short Blades   | 1 |  1.4
Fire Magic     | 4 |  4.0
Fighting       | |  0.3
Staves         | |  0.5
Dodging        | |  2.2

Action                   |  1- 3 |  4- 6 || total
-------------------------+-------+-------++-------
Melee: Short sword       |    14 |       ||    14
       Constrict         |     3 |     5 ||     8
       Tentacles         |     3 |     4 ||     7
       Dagger            |       |    33 ||    33
       Quarterstaff      |       |     1 ||     1
 Cast: Foxfire           |    62 |    45 ||   107
  Use: Potion            |       |     2 ||     2
 Stab: Sleeping          |     2 |     3 ||     5
Armor: Skin              |       |     8 ||     8
Dodge: Dodged            |    10 |    12 ||    22
